 Dungeon Crawl Stone Soup version 0.31-a0-986-g5e6e4ef867 (webtiles) character file.

Game seed: 5235391038403949016

1207 Jeffwins the Ruffian (level 8, -8/56 HPs)
             Began as a White Draconian Shapeshifter on Nov 24, 2023.
             Killed from afar by Maggie (19 damage)
             ... with a bolt of fire
             ... on level 6 of the Dungeon.
             The game lasted 00:07:22 (4907 turns).

Jeffwins the Ruffian (White Draconian Shapeshifter) Turns: 4907, Time: 00:07:22

Health: -8/56      AC:  6    Str: 16    XL:     8   Next: 21%
Magic:  8/8        EV: 13    Int: 13    God:
Gold:   251        SH:  0    Dex: 11    Spells: 7/7 levels left

rFire   . .          .
                       - Unarmed
rCold   + . .        (shield currently unavailable)
rNeg    . . .        (body armour unavailable)
rPois   .            (helmet restricted)
rElec   .            (no cloak)
rCorr   .            (no gloves)
SInv    .            (no boots)
Will    .....        (no amulet)
Stlth   +            (no ring)
HPRegen 0.29/turn    (no ring)
MPRegen 0.11/turn

%: no passive effects
@: flux-form, glowing
A: glow, contaminating, reduced hp, breathe frost, AC +6, unfitting armour, cold
resistance 1, cold-blooded
a: Breathe Frost, Begin Untransformation


You were on level 6 of the Dungeon.
You were something dangerously unstable.
You visited 1 branch of the dungeon, and saw 6 of its levels.

You collected 251 gold pieces.


Innate Abilities, Weirdness & Mutations

You are something dangerously unstable.
You glow with magical radiation, making you easy to see and hit.
Foes you strike become dangerously contaminated with magical radiation.
Your maximum health is decreased, since you lack skill for your form.
You are incapable of wielding weapons or throwing items.
You can breathe waves of freezing cold which knock back foes.
Your icy white scales are hard. (AC +6)
You cannot fit into any form of body armour.
Your flesh is cold resistant. (rC+)
You are cold-blooded and may be slowed by cold attacks.


   Skills:
 + Level 4.1 Fighting
 + Level 3.8 Dodging
 + Level 3.2 Stealth
 * Level 6.0 Unarmed Combat
 * Level 5.6 Shapeshifting


You had 7 spell levels left.
You didn't know any spells.
Your spell library contained the following spells:

 Spells                   Type           Power      Damage    Failure   Level
 Apportation              Tloc           0%         N/A       30%         1
 Jinxbite                 Hex            0%         N/A       43%         2
 Alistair's Intoxication  Tmut/Pois      0%         N/A       100%        5

Inventory:

Hand Weapons
 p - a +2 dagger of draining
Talismans
 b - a beast talisman
 c - a flux talisman (active)
Scrolls
 a - 3 scrolls of identify {unknown}
 d - a scroll of revelation {unknown}
 f - a scroll of fear {unknown}
 h - 2 scrolls of vulnerability {unknown}
 j - 2 scrolls of enchant weapon {unknown}
 k - 2 scrolls of amnesia {unknown}
 l - a scroll of poison {unknown}
 m - a scroll of enchant armour {unknown}
 n - 3 scrolls of teleportation {unknown}
Potions
 e - 2 potions of heal wounds {unknown}
 g - a potion of curing {unknown}
 i - 2 potions of brilliance {unknown}
 o - a potion of haste {unknown}
 q - 2 potions of invisibility {unknown}

Dungeon Overview and Level Annotations

Branches:
Dungeon (6/15)
 Temple: D:4-7

Altars:
Ashenzari
Elyvilon
Yredelemnul

Annotations:
D:5 2 runed translucent doors, dialectric's ghost, novice TrSh
D:6 Maggie

### ##.. #..#
#.@# ##p####
#..##.####
#..##....##
##.##......#
#..#......## ..
#.##......# .....
##.#.......#
.....
#..#......##
.....##.#.......#


You could see Maggie (misshapen).


Message History

Maggie twists and deforms.
Maggie is moderately wounded.
Maggie closely misses you.
Unknown command.
You hit Maggie but do no damage.
Maggie begins to glow.
Maggie is moderately wounded.
Maggie zaps a wand.
The puff of flame hits you!
* * * LOW HITPOINT WARNING * * *
Unknown command.
You barely miss Maggie.
Maggie is moderately wounded.
Maggie closely misses you.
Unknown command.
You hit Maggie.
Maggie glows dangerously bright.
Maggie is heavily wounded.
Maggie hits you with a +0 glaive!
* * * LOW HITPOINT WARNING * * *
Unknown command.
You hit Maggie.
Maggie shudders as magic cascades through her!
Maggie twists and deforms.
Maggie is severely wounded.
Maggie gestures at you while chanting. The bolt of fire misses you.
Unknown command.
You barely miss Maggie.
Maggie is severely wounded.
Maggie points at you and mumbles some strange words.
The bolt of fire hits you!!
You die...

Skill      XL: |  1  2  3  4  5  6  7  8 |
---------------+-------------------------+-----
Dodging        | 2 3 |  3.8
Fighting       | 2 3 4 |  4.1
Stealth        | 1 2 3 |  3.2
Unarmed Combat | 4 5 6 |  6.0
Shapeshifting  | 4 5 |  5.6

Action                     |  1- 3 |  4- 6 |  7- 9 || total
---------------------------+-------+-------+-------++-------
  Melee: Unarmed           |   123 |   143 |   107 ||   373
         Tailslap          |     8 |    16 |    16 ||    40
         Punch             |     7 |     2 |     1 ||    10
    Use: Potion            |     1 |       |       ||     1
   Stab: Sleeping          |     2 |     5 |     1 ||     8
 Armour: Skin              |    46 |    87 |    62 ||   195
  Dodge: Dodged            |    78 |    74 |    63 ||   215
   Form: Flux              |       |       |     1 ||     1

Levels and vault maps discovered:
D:1:      scummos_arrival_checkerplants, layout_basic, serial_glass,
          glass_columns_a, glass_columns_b, serial_bayou_pond_d
D:2:      layout_loops_ring
D:3:      layout_basic, nicolae_overflow_hidden_temple, serial_forest,
          infiniplex_forest_split, infiniplex_forest_lined_room_3,
          infiniplex_forest_lined_corner, infiniplex_forest_lined_room_2,
          infiniplex_forest_lined_room_2, infiniplex_forest_end_3,
          infiniplex_forest_straight_4, uniq_grinder
D:4:      layout_loops_ring, lemuel_zombie_altar_yredelemnul
D:5:      layout_gridville, mainiacjoe_overflow_chevrons, lemuel_crystal_altar,
          ebering_ghost_disaster_area
D:6:      layout_cave_pods, zin_treasury, mainiacjoe_overflow_alcove_1,
          minmay_temple_entry_ruins, uniq_duvessa, uniq_maggie

Notes
Turn   | Place    | Note
-------+----------+-------------------------------------------
     0 | D:1      | Jeffwins the Draconian Shapeshifter began the quest for the
                  | Orb.
     0 | D:1      | Reached XP level 1. HP: 16/16 MP: 1/1
   215 | D:1      | Reached XP level 2. HP: 6/23 MP: 2/2
   330 | D:1      | Reached skill level 2 in Dodging
   719 | D:1      | Reached XP level 3. HP: 28/28 MP: 3/3
  1215 | D:2      | You fall into a shaft and drop 1 floor!
  1353 | D:3      | Noticed Grinder
  1369 | D:3      | Paralysed by Grinder for 2 turns
  1379 | D:3      | Killed Grinder
  1380 | D:3      | Reached skill level 2 in Fighting
  1380 | D:3      | Reached skill level 1 in Stealth
  1380 | D:3      | Reached skill level 4 in Unarmed Combat
  1380 | D:3      | Reached skill level 4 in Shapeshifting
  1380 | D:3      | Reached XP level 4. HP: 37/37 MP: 4/4
  1380 | D:3      | Reached XP level 5. HP: 42/42 MP: 5/5
  1554 | D:2      | Reached XP level 6. HP: 48/50 MP: 6/6
  2599 | D:4      | Found a basalt altar of Yredelemnul.
  2834 | D:4      | Reached skill level 2 in Stealth
  2846 | D:4      | Reached skill level 3 in Dodging
  3048 | D:4      | Reached skill level 3 in Fighting
  3427 | D:5      | Entered Level 5 of the Dungeon
  3561 | D:5      | Your scales start taking on an icy white colour.
  3561 | D:5      | Reached XP level 7. HP: 47/57 MP: 7/7
  3561 | D:5      | Gained mutation: Your flesh is cold resistant. (rC+) [White
                  | Draconian growth]
  3619 | D:5      | Reached skill level 5 in Unarmed Combat
  3668 | D:5      | Found a large runed translucent door.
  3669 | D:5      | Found a large runed translucent door.
  3676 | D:5      | Noticed dialectric's ghost (novice TrSh)
  3736 | D:5      | Found a white marble altar of Elyvilon.
  3775 | D:5      | Reached skill level 5 in Shapeshifting
  4200 | D:5      | Reached skill level 3 in Stealth
  4295 | D:5      | Reached skill level 4 in Fighting
  4295 | D:5      | Reached XP level 8. HP: 38/66 MP: 8/8
  4574 | D:5      | Found a broken altar of Ashenzari.
  4719 | D:6      | Reached skill level 6 in Unarmed Combat
  4894 | D:6      | Noticed Maggie
  4907 | D:6      | Killed from afar by Maggie

Vanquished Creatures
  Grinder (D:3)
  A water moccasin (D:5)
  An ogre (D:5)
  A centaur (D:5)
  4 scorpions
  A howler monkey (D:5)
  A jelly (D:5)
  4 hounds
  An iguana (D:5)
  A scorpion zombie (D:4)
  2 orc wizards (D:5)
  A hound zombie (D:4)
  7 adders
  4 gnolls
  A shadow imp (D:4)
  A white imp (D:5)
  2 worms
  A dart slug (D:4)
  8 orcs
  3 ball pythons
  3 bats
  7 endoplasms
  5 giant cockroaches
  8 hobgoblins
  5 jackals
  2 quokkas
  2 frilled lizards
  9 goblins
  9 kobolds
  7 rats
103 creatures vanquished.

Table legend: (Time is in decaauts)
 A = Elapsed time spent in this place.
 B = Non-inter-level travel time spent in this place.
 C = Inter-level travel time spent in this place.
 D = Time resting spent in this place.
 E = Time spent auto-exploring this place.
 F = Levels seen in this place.
 G = Mean time per level.
                   A        B        C        D        E       F      G
               +--------+--------+--------+--------+--------+-----+--------+
         Total |   4883 |   4705 |    178 |    251 |   3641 |   6 |  813.8 |
       Dungeon |   4883 |   4705 |    178 |    251 |   3641 |   6 |  813.8 |
               +--------+--------+--------+--------+--------+-----+--------+

Top non-repeatable levels by time:
     D:5: 1212 daAuts
     D:4: 956 daAuts
     D:3: 938 daAuts
     D:1: 879 daAuts
     D:2: 686 daAuts
     D:6: 211 daAuts

Table legend:
 A = Non-vault XP
 B = Vault XP
 C = Vault XP percentage of total XP
 D = Non-vault monster count
 E = Vault monster count
 F = Vault count percentage of total count
                 A         B        C        D         E       F
            +---------+---------+-------+---------+---------+-------
      Total |    1392 |     333 |  19.3 |     100 |       3 |   2.9
            +---------+---------+-------+---------+---------+-------
        D:1 |      41 |       0 |   0.0 |      24 |       0 |   0.0
        D:2 |      49 |       0 |   0.0 |      19 |       0 |   0.0
        D:3 |      43 |     277 |  86.6 |      16 |       1 |   5.9
        D:4 |     208 |      56 |  21.2 |      20 |       2 |   9.1
        D:5 |     911 |       0 |   0.0 |      18 |       0 |   0.0
        D:6 |     140 |       0 |   0.0 |       3 |       0 |   0.0
            +---------+---------+-------+---------+---------+-------
